 Dungeon Crawl Stone Soup version 0.17-a0-1880-gacf7e67 (webtiles) character file.

180075 4thArraOfDagon the Executioner (level 17, -2/196 (199) HPs)
             Began as a Minotaur Berserker on Sept 21, 2015.
             Was a High Priest of Trog.
             Splashed by an acid blob's acid (9 damage)
             ... on level 5 of the Pits of Slime.
             The game lasted 01:48:11 (11291 turns).

4thArraOfDagon the Executioner (MiBe)              Turns: 11291, Time: 01:48:11

HP:   -2/196 (199)  AC:  5    Str: 36    XL:     17   Next: 2%
MP:   2/20          EV: 11    Int:  4    God:    Trog [*****.]
Gold: 751           SH:  0    Dex:  7    Spells: 0 memorised, 16 levels left

rFire  + + .     SeeInvis .     r - +9 executioner's axe (vamp)
rCold  . . .     Clarity  .     J - +1 fire dragon armour
rNeg   . . .     SustAt   .     (no shield)
rPois  +         Gourm    .     (helmet unavailable)
rElec  .         Spirit   .     l - +1 cloak {rPois}
rCorr  .         Warding  .     Z - +1 pair of gloves
rMut   .         Stasis   .     (no boots)
MR     ++++.                    m - amulet of faith
Stlth  ..........               z - ring of protection from cold
                                Y - ring "Nedelez" {+Fly MR+ Str+5 Dex-4}

@: berserking (expiring), corroded equipment, very slightly contaminated,
regenerating, hasted, very quick, incredibly resistant to hostile enchantments,
extremely unstealthy
A: retaliatory headbutt, horns 3, camouflage 1, frail 1, weak 1, wild magic 1
a: Burn Spellbooks, Berserk, Trog's Hand, Brothers in Arms, Renounce Religion,
Evoke Flight
}: 2/15 runes: decaying, gossamer


You were on level 5 of the Pits of Slime.
You worshipped Trog.
Trog was extremely pleased with you.
You were not hungry.

You visited 6 branches of the dungeon, and saw 41 of its levels.
You also visited: Labyrinth and Bailey.

You collected 937 gold pieces.
You spent 186 gold pieces at shops.

Inventory:

Hand weapons
 f - a +0 blowgun
 r - a +9 vampiric executioner's axe (weapon)
Missiles
 g - 18 curare-tipped needles
 B - a throwing net (quivered)
Armour
 a - a +1 plate armour of fire resistance
 l - a +1 cloak of poison resistance (worn)
 G - a +2 hat
 J - a +1 fire dragon armour (worn)
 Z - a +1 pair of gloves (worn)
Jewellery
 k - an uncursed ring of see invisible
 m - an amulet of faith (around neck)
 x - an uncursed ring of teleportation
 z - a ring of protection from cold (right hand)
 D - an uncursed ring of sustain attributes
 I - a +2 ring of strength
 K - an uncursed amulet of rage
 Y - the ring "Nedelez" (left hand) {+Fly MR+ Str+5 Dex-4}
   (You found it on level 8 of the Lair of Beasts)

   [ring of flight]

   It affects your strength (+5).
   It affects your dexterity (-4).
   It affects your resistance to hostile enchantments.
   It lets you fly.
Magical devices
 i - a wand of disintegration (3)
 n - a wand of draining (9)
 M - a wand of polymorph (11)
 R - a wand of draining (7)
 X - a wand of disintegration (16)
Scrolls
 p - 2 scrolls of fog
 w - a scroll of holy word
 y - 2 scrolls of blinking
 N - 3 scrolls of remove curse
 S - 2 scrolls of teleportation
Potions
 e - 4 potions of curing
 h - 3 potions of ambrosia
 j - 2 potions of berserk rage
 o - a potion of haste
 u - 2 potions of magic
 E - a potion of lignification
 F - 2 potions of brilliance
 H - a potion of cancellation
 T - 3 potions of might
 V - 2 potions of heal wounds
Miscellaneous
 b - a lamp of fire (inert)
 d - an ornate deck of defence {the Tomb}
 C - a fan of gales (inert)
 O - a plain deck of defence
Comestibles
 c - 2 bread rations
 t - 3 meat rations


   Skills:
 + Level 12.7 Fighting
 * Level 24.7 Axes
 + Level 18.6 Armour
 - Level 2.1 Dodging
 - Level 6.3 Evocations


You had 16 spell levels left.
You didn't know any spells.

Dungeon Overview and Level Annotations

Branches:
Dungeon (15/15)              Lair (8/8) D:10          Swamp (4/4) Lair:3
 Spider (4/4) Lair:3        Slime (6/6) Lair:7          Orc (4/4) D:10
 Temple: D:4-7          Elf: Orc:3-4     Vaults: D:13-14     Depths: D:15

Altars:
Beogh

Shops:
D:6 ?   D:9 *   Orc:4 [=}:

Annotations:
D:3 Robin
Lair:5 exclusion: upstairs


Innate Abilities, Weirdness & Mutations

You reflexively headbutt those who attack you in melee.
You have a pair of large horns on your head.
Your skin changes colour to match your surroundings (Stealth).
You are frail (-10% HP).
You are weak. (Str -2)
Your spells are a little harder to cast, but a little more powerful.


Message History

You slice the azure jelly!!
The azure jelly is heavily wounded.
You hit the death ooze.
The death ooze is moderately damaged.
You slice the death ooze!!
The death ooze is almost destroyed.
You slash the azure jelly!
You feel better.
The azure jelly is severely wounded.
The azure jelly hits you but does no damage.
The azure jelly hits you. The azure jelly freezes you!!!
* * * LOW HITPOINT WARNING * * *
The azure jelly hits you!
* * * LOW HITPOINT WARNING * * *
The azure jelly hits you!
* * * LOW HITPOINT WARNING * * *
The acid blob spits acid at you. The splash of acid hits you!
* * * LOW HITPOINT WARNING * * *
The acid burns!
You die...

...<.............<
.............#....
...##.................
......................##
...##..................# ..
.......................##.##
......................#.....
..........JJJ....#..........
.....#.....@J.........#.....
..........JJJ........#......
##..........................
.......#.#................#.
......###...................
.#.... #....#....#..<......
....#. #...##.....#.....##.
#...# #............###...#
#.. ##...##.#...## #.##


You could see 2 acid blobs, 3 azure jellies and 2 death oozes.

Vanquished Creatures
  Rupert (Lair:4)
  8 acid blobs
  2 thorn hunters
  8 azure jellies
  An orc warlord (Orc:4)
  4 emperor scorpions (Spider:4)
  5 ghost moths
  4 fire dragons
  Josephine (Lair:4)
  2 death oozes (Slime:6)
  3 great orbs of eyes
  A minotaur (Lab)
  An entropy weaver (Spider:4)
  13 hydras
  A centaur warrior (D:13)
  A queen ant (D:10)
  6 death yaks (Lair:8)
  3 alligators
  2 orc high priests (Orc:4)
  Sonja (Lair:3)
  A deep elf knight (Bailey)
  A fire crab (Swamp:4)
  4 hill giants
  2 spriggan druids
  5 swamp dragons
  2 lindwurms
  A shambling mangrove (Swamp:3)
  A griffon (Lair:7)
  15 wolf spiders
  6 orb spiders
  3 hornets
  A manticore (D:13)
  6 black mambas
  A cyclops (D:14)
  An ugly thing (D:13)
  4 elephants (Lair:5)
  A guardian serpent (Lair:8)
  An orc sorcerer (Orc:4)
  A molten gargoyle (Lair:7)
  A torpor snail (Lair:8)
  20 spiny frogs
  6 demonic crawlers
  6 komodo dragons
  8 fire drakes
  A deep elf priest (Bailey)
  9 jumping spiders
  7 trolls
  2 tengu conjurers
  A giant leech (Swamp:2)
  11 blink frogs
  2 boulder beetles
  A minotaur skeleton (Lab)
  4 two-headed ogres (Orc:4)
  30 slime creatures
  7 bog bodies
  21 redbacks
  A shadow (Swamp:1)
  An air elemental (D:11)
  2 trapdoor spiders (Spider:4)
  4 tarantellas
  22 yaks
  A water elemental (D:11)
  2 wyverns
  3 wraiths (Lair:4)
  8 spriggans
  A steam dragon (Swamp:4)
  2 deep elf magi
  A fire elemental (D:11)
  5 hippogriffs
  A golden eye (Slime:4)
  7 vampire mosquitoes
  2 hungry ghosts
  2 basilisks
  7 wargs
  4 deep elf fighters (Bailey)
  4 swamp worms
  4 insubstantial wisps (Swamp:3)
  2 mottled dragons (Swamp:4)
  8 soldier ants (D:10)
  19 water moccasins
  7 porcupines
  4 swamp drakes
  31 orc warriors
  9 ogres
  10 spiders
  6 centaurs
  A sky beast (D:11)
  4 eyes of draining
  2 ice beasts
  A phantom (D:9)
  8 wasps
  4 big kobolds
  12 crocodiles
  11 giant frogs
  20 jellies
  3 scorpions
  A water moccasin skeleton (D:9)
  10 killer bees
  2 giant frog zombies
  A lava snake (Swamp:4)
  6 hounds
  24 orc wizards
  A giant frog skeleton (D:9)
  3 crimson imps
  24 orc priests
  3 iguanas
  18 worker ants
  8 sheep
  A hound zombie (D:7)
  10 adders
  22 river rats
  3 shadow imps
  An adder zombie (D:9)
  2 giant geckos
  241 orcs
  A ball python (D:3)
  6 goblins
  6 jackals
  25 kobolds
  5 fungi
  A plant (Lair:8)
933 creatures vanquished.

Vanquished Creatures (collateral kills)
  the royal jelly (Slime:6)
  An acid blob (Slime:6)
  2 azure jellies (Slime:6)
  Donald (Spider:3)
  A hydra (Lair:5)
  An orb spider (Spider:4)
  A wolf spider (Spider:4)
  A hornet (Lair:8)
  A black mamba (Lair:8)
  A komodo dragon (D:10)
  A jumping spider (Spider:3)
  A tarantella (Spider:4)
  A redback (Spider:4)
  A water moccasin (Lair:8)
  A spider (Spider:3)
  A jelly (Slime:6)
  A giant frog skeleton (D:10)
  9 river rats
27 creatures vanquished.

Vanquished Creatures (others)
  A spiny frog (Lair:7)
  A fire drake (Swamp:4)
  A swamp worm (Swamp:3)
  2 swamp drakes
  3 briar patches (Swamp:4)
  5 fungi
  A plant (Lair:6)
14 creatures vanquished.

Grand Total: 974 creatures vanquished

Notes
Turn   | Place    | Note
--------------------------------------------------------------
     0 | D:1      | 4thArraOfDagon the Minotaur Berserker began the quest for the Orb.
     0 | D:1      | Reached XP level 1. HP: 19/19 MP: 0/0
    52 | D:3      | Reached skill level 4 in Axes
    52 | D:3      | Reached XP level 2. HP: 27/27 MP: 1/1
    93 | D:3      | Noticed Robin
   113 | D:3      | Noticed an orc priest
   115 | D:3      | Noticed an orc wizard
   122 | D:3      | Killed an orc wizard
   122 | D:3      | Reached XP level 3. HP: 24/33 MP: 2/2
   127 | D:3      | Killed an orc priest
   127 | D:3      | Reached skill level 5 in Axes
   127 | D:3      | Reached XP level 4. HP: 16/41 MP: 3/3
   185 | D:3      | Acquired Trog's second power
   249 | D:5      | Entered Level 5 of the Dungeon
   265 | D:5      | Noticed an ogre
   300 | D:5      | Noticed an ice beast
   308 | D:6      | Found Verioc's Magic Scroll Shop.
   309 | D:6      | Noticed a giant frog
   314 | D:6      | Killed a giant frog
   314 | D:6      | Reached XP level 5. HP: 47/47 MP: 4/4
   329 | D:6      | Bought a scroll of identify for 24 gold pieces
   359 | D:6      | Noticed a centaur
   387 | D:7      | Noticed an ogre
   393 | D:7      | Reached skill level 5 in Fighting
   393 | D:7      | Reached skill level 6 in Axes
   394 | D:7      | Killed an ogre
   394 | D:7      | Reached XP level 6. HP: 56/56 MP: 5/5
   403 | D:7      | Noticed a hippogriff
   461 | D:8      | Reached skill level 7 in Axes
   461 | D:8      | Reached skill level 5 in Armour
   468 | D:8      | Reached XP level 7. HP: 30/62 MP: 6/6
   570 | D:8      | :/
   623 | D:9      | :/
   665 | D:9      | Reached skill level 8 in Axes
   747 | D:9      | Found Coll's General Store.
   781 | D:9      | Reached skill level 1 in Evocations
   782 | D:9      | Reached XP level 8. HP: 71/71 MP: 7/7
   896 | D:9      | fuckin lab
   920 | D:9      | Noticed a hill giant
   934 | D:9      | Killed a hill giant
   934 | D:9      | Reached skill level 9 in Axes
  1050 | D:9      | Reached skill level 10 in Axes
  1119 | D:9      | lab
  1251 | D:9      | where
  1297 | D:9      | Noticed a troll
  1304 | D:9      | Killed a troll
  1304 | D:9      | Reached XP level 9. HP: 80/80 MP: 10/10
  1342 | D:10     | Entered Level 10 of the Dungeon
  1357 | D:10     | Noticed a komodo dragon
  1364 | D:10     | Killed a komodo dragon
  1430 | D:10     | Reached skill level 11 in Axes
  1490 | D:10     | win
  1495 | D:10     | Found a staircase to the Orcish Mines.
  1600 | D:10     | Reached XP level 10. HP: 81/90 MP: 12/12
  1609 | D:10     | Noticed a hill giant
  1623 | D:10     | Killed a hill giant
  1623 | D:10     | Reached skill level 12 in Axes
  1743 | D:11     | Found a large runed door.
  1743 | D:11     | Found a large runed door.
  1961 | D:12     | Noticed a hill giant
  1965 | D:12     | Killed a hill giant
  1965 | D:12     | Reached skill level 5 in Evocations
  1976 | D:12     | Noticed a hill giant
  2071 | D:12     | Killed a hill giant
  2167 | D:12     | Reached skill level 13 in Axes
  2324 | D:13     | Noticed a centaur warrior
  2326 | D:13     | Noticed a green ugly thing
  2332 | D:13     | Killed a centaur warrior
  2332 | D:13     | Reached XP level 11. HP: 99/99 MP: 9/14
  2336 | D:13     | Killed a green ugly thing
  2336 | D:13     | Reached skill level 10 in Fighting
  2336 | D:13     | Reached skill level 10 in Armour
  2450 | D:13     | Noticed a manticore
  2465 | D:13     | Killed a manticore
  2838 | D:14     | Got a spiked leather armour
  2843 | D:14     | Identified the +0 leather armour of Gallantry {MR+ Dex+4} (You found it on level 14 of the Dungeon)
  2848 | D:14     | Noticed a fire dragon
  2857 | D:14     | Killed a fire dragon
  2857 | D:14     | Reached skill level 14 in Axes
  2872 | D:15     | Entered Level 15 of the Dungeon
  2872 | D:15     | Noticed a skeletal warrior
  2872 | D:15     | Noticed a skeletal warrior
  2872 | D:15     | Noticed a skeletal warrior
  2872 | D:15     | Noticed a skeletal warrior
  3092 | Orc:1    | Entered Level 1 of the Orcish Mines
  3146 | Orc:2    | Acquired Trog's third power
  3248 | Orc:2    | Found a flagged portal.
  3261 | Bailey   | Entered a bailey
  3330 | Bailey   | Noticed a deep elf knight
  3339 | Bailey   | Killed a deep elf knight
  3507 | Orc:4    | Entered Level 4 of the Orcish Mines
  3730 | Orc:4    | Reached skill level 15 in Axes
  3776 | Orc:4    | Received a gift from Trog
  3948 | Orc:4    | Reached XP level 12. HP: 72/110 MP: 5/15
  4085 | Orc:4    | Gained mutation: Your spells are a little harder to cast, but a little more powerful. [potion of mutation]
  4085 | Orc:4    | Gained mutation: You are frail (-10% HP). [potion of mutation]
  4085 | Orc:4    | Gained mutation: Your skin changes colour to match your surroundings (Stealth). [potion of mutation]
  4157 | Orc:4    | Got an ichor-stained plate armour
  4168 | Orc:4    | Identified the cursed +0 plate armour "Pyduet" {*Corrode +Fly Dex+6} (You took it off an orc on level 4 of the Orcish Mines)
  4168 | Orc:4    | :(
  4212 | Orc:4    | Noticed an orc warlord
  4247 | Orc:4    | Killed an orc warlord
  4310 | Orc:4    | Noticed an orc high priest
  4438 | Orc:4    | Killed an orc high priest
  4442 | Orc:4    | Found Amakapae's Armour Shop.
  4458 | Orc:4    | :(
  4458 | Orc:4    | Bought a +1 cloak of poison resistance for 162 gold pieces
  4477 | Orc:4    | Found a roughly hewn altar of Beogh.
  4487 | Orc:4    | Found Kylofum's Jewellery Boutique.
  4487 | Orc:4    | Noticed an orc high priest
  4496 | Orc:4    | Reached skill level 16 in Axes
  4498 | Orc:4    | Killed an orc high priest
  4510 | Orc:4    | :(
  4526 | Orc:4    | Received a gift from Trog
  4625 | Orc:4    | Received a gift from Trog
  4668 | Orc:4    | Found a roughly hewn altar of Beogh.
  4670 | Orc:4    | Found Naod's Gadget Boutique.
  4679 | Orc:4    | Found Moinodgh's Book Shop.
  4797 | D:10     | Noticed a queen ant
  4809 | D:10     | Killed a queen ant
  4860 | D:10     | Found a staircase to the Lair.
  4928 | Lair:1   | Entered Level 1 of the Lair of Beasts
  5031 | Lair:2   | Reached skill level 17 in Axes
  5047 | Lair:3   | Noticed Sonja
  5083 | Lair:2   | Noticed a four-headed hydra
  5105 | Lair:3   | Found a labyrinth entrance.
  5121 | Lab      | Entered a labyrinth
  5285 | Lab      | Noticed a minotaur
  5290 | Lab      | Killed a minotaur
  5309 | Lab      | Identified the Incunabulum of Hurtful Flight (You found it in a labyrinth)
  5312 | Lair:3   | Received a gift from Trog
  5427 | Lair:5   | Noticed an eight-headed hydra
  5432 | Lair:5   | Killed an eight-headed hydra
  5432 | Lair:5   | Reached XP level 13. HP: 62/106 MP: 16/16
  5497 | Lair:4   | Noticed Rupert
  5744 | Lair:8   | Entered Level 8 of the Lair of Beasts
  5759 | Lair:8   | Reached skill level 18 in Axes
  5839 | Lair:8   | Got a sparkling platinum ring
  5849 | Lair:8   | Identified the ring "Nedelez" {+Fly MR+ Str+5 Dex-4} (You found it on level 8 of the Lair of Beasts)
  6045 | Lair:5   | Reached skill level 19 in Axes
  6079 | Lair:4   | Noticed Josephine
  6090 | Lair:4   | Killed Josephine
  6273 | Lair:3   | Received a gift from Trog
  6311 | Lair:3   | Killed Sonja
  6314 | Lair:3   | Gained mutation: You are weak. (Str -2) [potion of mutation]
  6314 | Lair:3   | Gained mutation: You have a pair of large horns on your head. [potion of mutation]
  6385 | Lair:3   | Found a hole to the Spider Nest.
  6416 | Spider:1 | Entered Level 1 of the Spider Nest
  6525 | Spider:4 | Entered Level 4 of the Spider Nest
  6531 | Spider:4 | Reached XP level 14. HP: 72/113 MP: 1/17
  6549 | Spider:4 | Received a gift from Trog
  6627 | Spider:4 | Killed a ghost moth
  6627 | Spider:4 | Reached skill level 20 in Axes
  6718 | Spider:4 | Killed a ghost moth
  6718 | Spider:4 | Reached skill level 15 in Armour
  6785 | Spider:4 | Noticed an emperor scorpion
  6803 | Spider:4 | Killed an emperor scorpion
  6899 | Spider:4 | Noticed an emperor scorpion
  6903 | Spider:4 | Noticed an emperor scorpion
  6924 | Spider:4 | Killed an emperor scorpion
  6926 | Spider:4 | Killed an emperor scorpion
  6965 | Spider:4 | Noticed a ghost moth
  6977 | Spider:4 | Killed a ghost moth
  7066 | Spider:4 | Reached skill level 21 in Axes
  7077 | Spider:4 | Got a gossamer rune of Zot
  7090 | Spider:4 | Noticed a ghost moth
  7101 | Spider:4 | Killed a ghost moth
  7117 | Spider:4 | Noticed an emperor scorpion
  7161 | Spider:4 | Killed an emperor scorpion
  7239 | Spider:3 | Received a gift from Trog
  7261 | Spider:3 | Noticed a ghost moth
  7268 | Spider:3 | Noticed Donald
  7275 | Spider:3 | Killed a ghost moth
  7279 | Spider:3 | Killed Donald
  7327 | Spider:3 | Reached XP level 15. HP: 65/118 MP: 8/18
  8060 | Lair:4   | Killed Rupert
  8224 | Lair:3   | Found a staircase to the Swamp.
  8234 | Swamp:1  | Entered Level 1 of the Swamp
  8409 | Swamp:2  | Received a gift from Trog
  8409 | Swamp:2  | Reached skill level 22 in Axes
  8450 | Swamp:2  | Noticed a thorn hunter
  8464 | Swamp:2  | Killed a thorn hunter
  8649 | Swamp:4  | Entered Level 4 of the Swamp
  8661 | Swamp:4  | Noticed a thorn hunter
  8665 | Swamp:4  | Killed a thorn hunter
  8914 | Swamp:4  | Reached skill level 23 in Axes
  8964 | Swamp:4  | Got a decaying rune of Zot
  9105 | Lair:2   | Noticed an eight-headed hydra
  9114 | Lair:2   | Killed a seven-headed hydra
  9117 | Lair:2   | Killed a 13-headed hydra
  9232 | Lair:6   | You fall through a shaft!
  9351 | Lair:7   | Reached XP level 16. HP: 86/125 MP: 19/19
  9370 | Lair:7   | Received a gift from Trog
  9404 | Lair:7   | Drew Focus: Str increased to 28, Int decreased to 4
  9458 | Lair:7   | You fall through a shaft!
  9973 | Lair:6   | You fall through a shaft!
 10492 | Lair:7   | Found a staircase to the Slime Pits.
 10501 | Slime:1  | Entered Level 1 of the Pits of Slime
 10513 | Slime:1  | Noticed an acid blob
 10522 | Slime:1  | Killed an acid blob
 10525 | Slime:1  | Received a gift from Trog
 10585 | Slime:2  | Noticed an acid blob
 10592 | Slime:2  | Killed an acid blob
 10650 | Slime:3  | Noticed an acid blob
 10661 | Slime:3  | Killed an acid blob
 10705 | Slime:4  | Noticed an acid blob
 10714 | Slime:4  | Killed an acid blob
 10714 | Slime:4  | Reached skill level 24 in Axes
 10861 | Slime:5  | Received a gift from Trog
 10878 | Slime:6  | Entered Level 6 of the Pits of Slime
 10887 | Slime:6  | Noticed an acid blob
 10899 | Slime:6  | Killed an acid blob
 11021 | Slime:6  | Noticed an acid blob
 11067 | Slime:6  | Killed an acid blob
 11168 | Slime:6  | Noticed an acid blob
 11191 | Slime:6  | Killed an acid blob
 11255 | Slime:6  | Noticed the royal jelly
 11266 | Slime:6  | dont do that at home kids!
 11273 | Slime:6  | Noticed an acid blob
 11279 | Slime:6  | Noticed an acid blob
 11280 | Slime:6  | Killed an acid blob
 11284 | Slime:6  | Killed an acid blob
 11286 | Slime:6  | Noticed an acid blob
 11287 | Slime:6  | Noticed an acid blob
 11287 | Slime:6  | Noticed an acid blob
 11287 | Slime:6  | Killed the royal jelly
 11287 | Slime:6  | Reached XP level 17. HP: 133/133 MP: 2/20
 11291 | Slime:5  | HP: 7/196 [acid blob/splash of acid (7)]
 11291 | Slime:5  | Splashed by an acid blob's acid

Vault maps used:
D:1:      tarquinn_simple_flora_water_d
D:2:      first_bread
D:3:      led_sif_book, uniq_robin, uniq_sigmund
D:4:      serial_bayou, serial_bayou_pond_d, serial_bayou_pond_a,
          serial_bayou_crossing, serial_bayou_shore_a, serial_bayou_lake_a,
          serial_bayou_pond_c
D:5:      kennysheep_steamy, nicolae_ru_the_path_less_chosen,
          lemuel_doored_altar, nicolae_overflow_crystal_walls,
          lemuel_crystal_altar, minmay_temple_entry_butterflies, basic_altar,
          serial_shops, kennysheep_mini_moat, minmay_lizard_king
D:6:      serial_shops, nicolae_shop_competitors_out_of_business, abandoned_shop
D:8:      minitemple, uniq_erolcha
D:9:      serial_shops, shop, hangedman_tree_tricks, fungi_pond_lemuel,
          minmay_crystal_room, minmay_misc_feat_tiny
D:10:     erik_lair_orcish_takeover, orc_0_dummy, minmay_another_anthill
D:11:     lightli_elemental_guards
D:12:     kennysheep_generic_room_4
D:13:     st_stairs_1
D:14:     erik_vaults_2, serial_curves, eino_curves_03, eino_curves_03
D:15:     gammafunk_depths_entry_grave, ashenzari_altar_1, uniq_nessos
Lair:1:   cheibrodos_lair_caveside_slide, minivault_27
Lair:3:   minmay_swamp_entry_worms, spider_nest_entry_rubble, lab_entry_generic,
          uniq_sonja
Lair:4:   uniq_josephine, uniq_rupert
Lair:5:   bh_autumn_forest_stairs
Lair:6:   wad_woods_01, lemuel_fruit_tree
Lair:7:   dpeg_slime_entry_corner, grunt_megastairs_4
Lair:8:   hangedman_lair_tendril_chambers
Swamp:1:  evilmike_swamp_ruin_house_3, swamp_pool4, uniq_nikola, uniq_kirke
Swamp:2:  nicolae_swamp_phyte_club, nicolae_swamp_orc_logging_accident,
          swamp_pool2, uniq_roxanne
Swamp:3:  hangedman_swamp_lotus, swamp_pool2
Swamp:4:  swamp_fiery, swamp_pool4, uniq_mara
Spider:2: mumra_spider_spiderweb
Spider:3: spider_trap, uniq_donald
Spider:4: grunt_spider_rune_island
Slime:4:  cheibrodos_slime_lost_civilization_7
Orc:1:    uniq_erica
Orc:2:    enter_bailey_3, serial_shops, nicolae_shop_trees
Orc:3:    nicolae_orc_pool_cavern
Orc:4:    pubby_orc_utopia
Lab:      labyrinth_watery, lab_fountain, nicolae_lab_checkerboard,
          nicolae_lab_lava, labyrinth_skeletal_remains, nicolae_lab_x,
          nicolae_lab_grate, nicolae_lab_statue, nicolae_lab_grate_2,
          lab_statue, nicolae_lab_flowing_pool, labyrinth_glass_1,
          nicolae_lab_blocks, nicolae_lab_dead_end, nicolae_lab_garden,
          nicolae_lab_very_dead_end
Bailey:   bailey_polearm_3, bailey

Action                   |  1- 3 |  4- 6 |  7- 9 | 10-12 | 13-15 | 16-18 || total
-------------------------+-------+-------+-------+-------+-------+-------++-------
Melee: Hand axe          |    16 |    33 |       |       |       |       ||    49
       Battleaxe         |       |       |   150 |   525 |       |       ||   675
       War axe           |       |       |       |    21 |       |       ||    21
       Executioner's axe |       |       |       |    83 |   619 |   218 ||   920
 Fire: Blowgun           |       |       |       |     1 |       |       ||     1
Invok: Berserk           |     2 |     4 |     9 |    35 |    25 |    11 ||    86
       Trog's Hand       |       |     2 |     7 |    30 |    33 |    11 ||    83
       Brothers in Arms  |       |       |       |     1 |     6 |     5 ||    12
       Burn Spellbooks   |       |       |       |       |       |     1 ||     1
 Abil: Evoke Teleportati |       |       |       |     9 |    44 |    19 ||    72
       Evoke Flight      |       |       |       |       |     2 |       ||     2
Evoke: Lamp of fire      |       |       |     1 |     1 |       |     1 ||     3
       Deck              |       |       |       |       |     1 |     1 ||     2
       Wand              |       |       |       |       |    19 |     4 ||    23
       Fan of gales      |       |       |       |       |       |     1 ||     1
  Use: Potion            |     1 |     1 |     1 |     4 |     5 |     2 ||    14
       Scroll            |       |     1 |     8 |    18 |    16 |     1 ||    44
 Stab: Distracted        |       |       |       |       |     1 |     1 ||     2
  Eat: Chunk             |       |     2 |    16 |    55 |    28 |     7 ||   108
       Fruit             |       |     2 |       |       |    11 |     3 ||    16
       Bread ration      |       |       |       |     2 |     4 |     3 ||     9
       Royal jelly       |       |       |       |     1 |       |       ||     1
       Pizza             |       |       |       |     1 |     2 |       ||     3
       Beef jerky        |       |       |       |       |     1 |       ||     1
       Meat ration       |       |       |       |       |       |     1 ||     1
